 Dungeon Crawl Stone Soup version 0.23-a0-393-g6e9e0f2 (webtiles) character file.

32 galech the Skirmisher (level 3, 22/29 HPs)
             Began as a Demonspawn Fighter on Oct 31, 2018.
             Quit the game on level 2 of the Dungeon.
             The game lasted 00:01:04 (808 turns).

galech the Skirmisher (Demonspawn Fighter)           Turns: 808, Time: 00:01:05

Health: 22/29      AC:  6    Str: 16    XL:     3   Next: 10%
Magic:  3/3        EV:  6    Int:  9    God:
Gold:   28         SH:  9    Dex: 13    Spells: 2/2 levels left

rFire    . . .     SeeInvis .   a - +0 war axe
rCold    . . .     Gourm    .   c - +0 shield
rNeg     . . .     Faith    .   b - +0 scale mail
rPois    .         Spirit   .   (helmet restricted)
rElec    .         Reflect  .   (no cloak)
rCorr    .         Harm     .   (no gloves)
MR       .....                  (no boots)
Stlth    ..........             (no amulet)
HPRegen  0.09/turn              (no ring)
MPRegen  0.08/turn              (no ring)

@: no status effects
A: horns 1, rot immunity
a: no special abilities


You were on level 2 of the Dungeon.
You were not hungry.

You visited 1 branch of the dungeon, and saw 2 of its levels.

You collected 28 gold pieces.

Inventory:

Hand Weapons
 a - a +0 war axe (weapon)
Armour
 b - a +0 scale mail (worn)
 c - a +0 shield (worn)
Scrolls
 e - 4 scrolls of teleportation (quivered) {unknown}
 n - a scroll of amnesia {unknown}
 p - a scroll of immolation {unknown}
Potions
 d - a potion of might
 h - a potion of mutation {unknown}
 i - a potion of curing
 j - a potion of ambrosia {unknown}
 k - 2 potions of agility {unknown}
 l - a potion of magic {unknown}
 m - a potion of lignification {unknown}
 o - a potion of berserk rage {unknown}
Comestibles
 f - 5 rations
 g - 2 chunks of flesh


   Skills:
 + Level 3.1 Fighting
 + Level 2.5 Axes
 + Level 2.9 Armour
 + Level 0.1 Dodging
 + Level 3.1 Shields


You had 2 spell levels left.
You didn't know any spells.
Your spell library was empty.

Dungeon Overview and Level Annotations

Branches:
Dungeon (2/15)

Altars:


Innate Abilities, Weirdness & Mutations

You have a pair of small horns on your head.
You are immune to rotting.


Message History

You are too injured to fight recklessly!
You are too injured to fight recklessly!
It was a potion of curing.
You feel better. The adder bites you but does no damage.
You closely miss the adder.
The adder is heavily wounded.
The adder bites you but does no damage. You block the adder's attack.
You slash the adder!
You kill the adder!
You have reached level 3!
Your experience leads to an increase in your attributes!
Increase (S)trength, (I)ntelligence, or (D)exterity?
You feel agile.
Your demonic ancestry asserts itself...
A pair of horns grows on your head!
Quiver which item? (- for none, * to show all) (? for menu, Esc to quit)
You don't have any such object.
Quiver which item? (- for none, * to show all) (? for menu, Esc to quit)
Quivering
e - 4 scrolls labeled PURALIR ANUYN for throwing.
Unknown command.
Are you sure you want to abandon this character and quit the game? (Confirm

..>...............###..
...####...##..........≈.
####.......#.........≈≈≈
# #.........#.###....##
####.......###.#.......#
##.........###.#.......#
##......#..............#
##......#######........#
........'.......@......#
........#'#.###.........
...)#...... ...........
....#...... ##....###...
........... #..... #+
........... #...#.#
###........ ......#
........... .......$
...............


There were no monsters in sight!

Vanquished Creatures
  An adder (D:2)
  A dart slug (D:2)
  A ball python (D:1)
  2 giant cockroaches (D:1)
  2 goblins
  4 hobgoblins
  3 bats (D:1)
  A frilled lizard (D:1)
  5 kobolds
  2 rats
22 creatures vanquished.

Notes
Turn   | Place    | Note
-------+----------+-------------------------------------------
     0 | D:1      | galech the Demonspawn Fighter began the quest for the Orb.
     0 | D:1      | Reached XP level 1. HP: 18/18 MP: 1/1
   271 | D:1      | Gained mutation: You are immune to rotting. [demonic
                  | ancestry]
   271 | D:1      | Reached XP level 2. HP: 24/24 MP: 2/2
   807 | D:2      | Gained mutation: You have a pair of small horns on your
                  | head. [demonic ancestry]
   807 | D:2      | Reached XP level 3. HP: 22/29 MP: 3/3
   808 | D:2      | Quit the game

Vault maps used:
D:1:      saegor_arrival_simple_c
D:2:      serial_rivers, chequers_serial_rivers_micro_a,
          chequers_serial_rivers_marsh, chequers_serial_rivers_micro_c,
          chequers_serial_rivers_small_b

Skill      XL: |  1  2 |
---------------+-------+-----
Shields        | 3 |  3.1
Axes           | 2 |  2.5
Fighting       | |  3.1
Armour         | |  2.9
Dodging        | |  0.1

Action                   || total
-------------------------++-------
Melee: War axe           ||    69
  Use: Potion            ||     1
Armor: Scale mail        ||    40
Dodge: Dodged            ||    18
Block: Shield            ||    40

Table legend:
 A = Non-vault XP
 B = Vault XP
 C = Vault XP percentage of total XP
 D = Non-vault monster count
 E = Vault monster count
 F = Vault count percentage of total count
                 A         B        C        D         E       F
            +---------+---------+-------+---------+---------+-------
      Total |      47 |       0 |   0.0 |      22 |       0 |   0.0
            +---------+---------+-------+---------+---------+-------
        D:1 |      24 |       0 |   0.0 |      16 |       0 |   0.0
        D:2 |      23 |       0 |   0.0 |       6 |       0 |   0.0
            +---------+---------+-------+---------+---------+-------
